AoeStats
← pjanic1520

Nomad

510335649Analyzed
3v3 RM · 10h ago on Sep 30, 2026· 63m 55s· 6 players
Game mode
Random Map
Map size
210×210
Population
200
Speed
Normal
Resources
Standard
Victory
Conquest
Starting age
Dark Age
Ending age
Imperial Age
RankedLock teamsTeams togetherTeam positionsShared explorationLock speedFull tech treeHidden civsTurbo modeCheats
Victory
Defeat
🇲🇽 Varangians · Mexico
764
+12
🇻🇳 Spanish · Vietnam
609
+18
🇲🇽 Wei · Mexico
587
+20
🇩🇪 Franks · Germany
702
-18
🇫🇷 Chinese · France
649
-16
🇮🇱 Britons · Israel
647
-16
Flanker2020
6:53 Loom
15:14 Feudal Age
15:49 Horse Collar
15:55 Double-Bit Axe
16:23 Gold Mining
23:38 Castle Age
25:19 Bow Saw
25:20 Caravan
26:01 Gold Shaft Mining
25:14 Pikeman
25:49 Fletching
25:59 Padded Archer Armor
25:31 Crossbowman
27:17 Bodkin Arrow
27:22 Padded Archer Armor
27:34 Stone Mining
29:15 Wheelbarrow
28:52 Padded Archer Armor
30:18 Hand Cart
31:32 Leather Archer Armor
44:50 Imperial Age
49:55 Heavy Plow
53:09 Arbalester
56:01 Two-Man Saw
internet-shop24
14:45 Feudal Age
16:22 Wheelbarrow
15:29 Fishing Lines
15:39 Double-Bit Axe
21:50 Castle Age
20:02 Stone Mining
22:49 Hand Cart
22:20 Town Watch
22:48 Bow Saw
22:45 Gillnets
24:12 Caravan
24:58 Loom
36:44 Imperial Age
35:12 Ordonnance Companies
35:32 Demolition Ship
36:23 Medium Warships
36:54 Coinage
38:13 Town Patrol
38:39 Conscription
39:19 Husbandry
38:40 Cavalier
38:40 Light Cavalry
40:24 Chemistry
39:44 Ballistics
40:07 Hoardings
39:40 Scale Barding Armor
39:35 Scale Mail Armor
40:35 Arrowslits
40:54 Chivalry
41:10 Gold Mining
41:15 Guard Tower
41:36 Fortified Wall
41:06 Treadmill Crane
46:33 Elite Throwing Axeman
47:41 Capped Ram
55:49 Murder Holes
56:04 Clinker Construction
56:00 Siphons
Splujer
5:08 Loom
18:45 Feudal Age
19:43 Double-Bit Axe
19:43 Horse Collar
21:15 Fishing Lines
26:17 Castle Age
33:23 Gillnets
34:55 Fervor
36:40 Wheelbarrow
35:51 Town Watch
36:26 Stone Mining
38:05 Hand Cart
39:36 Heated Shot
41:28 Clinker Construction
49:58 Caravan
51:51 Coinage
53:38 Ballistics
53:09 Guard Tower
53:26 Fletching
54:06 Bodkin Arrow
55:41 Medium Warships
58:47 Imperial Age
59:11 Imperial Age
60:23 Bracer
61:02 Keep
60:13 Arrowslits
61:16 Great Wall
62:28 Conscription
63:10 Padded Archer Armor
pjanic1520
8:06 Loom
16:23 Feudal Age
22:13 Castle Age
22:48 Bloodlines
23:47 Forging
27:50 Double-Bit Axe
31:26 Fishing Lines
31:57 Medium Warships
32:08 Husbandry
35:29 Wheelbarrow
35:49 Gillnets
47:17 Hand Cart
49:37 Squires
49:22 Arson
54:06 Imperial Age
52:14 Iron Casting
51:45 Scale Barding Armor
51:41 Scale Mail Armor
54:05 Light Cavalry
55:19 Conscription
55:27 Capped Ram
56:26 Gothikon
56:28 Vendel Legacy
59:01 Elite Longship
60:16 Heavy Warships
60:49 Siege Ram
61:41 Cavalier
Itacate
6:02 Loom
16:22 Feudal Age
17:02 Man-at-Arms
22:22 Castle Age
20:12 Double-Bit Axe
21:25 Fishing Lines
22:26 Stone Mining
22:26 Gold Mining
22:34 Horse Collar
22:43 Town Watch
23:33 Wheelbarrow
30:18 Bow Saw
29:31 Pikeman
31:21 Tuntian
34:38 Imperial Age
32:13 Fletching
36:29 Conscription
36:37 Heavy Hei Guang Cavalry
37:18 Husbandry
40:29 Hand Cart
40:18 Heavy Plow
39:42 Halberdier
40:23 Squires
40:09 Arson
41:51 Crossbowman
42:38 Thumb Ring
46:47 Medium Warships
47:42 Bodkin Arrow
47:48 Padded Archer Armor
49:32 Gillnets
50:12 Heavy Warships
51:15 Forging
51:06 Scale Mail Armor
54:08 Iron Casting
53:48 Chain Mail Armor
53:38 Scale Barding Armor
56:21 Bracer
56:21 Padded Archer Armor
58:23 Chemistry
57:43 Ballistics
60:06 Heated Shot
59:58 Treadmill Crane
62:20 Blast Furnace
61:22 Padded Archer Armor
61:42 Chain Barding Armor
62:27 Bloodlines
61:37 Light Cavalry
63:47 Demolition Ship
Dragon D. Barola
11:28 Loom
17:24 Feudal Age
19:14 Double-Bit Axe
19:23 Gold Mining
19:24 Stone Mining
19:21 Fishing Lines
22:24 Horse Collar
28:31 Castle Age
26:03 Man-at-Arms
29:02 Long Swordsman
29:31 Gambesons
29:46 Squires
29:32 Arson
29:15 Light Cavalry
30:45 Bow Saw
33:11 Fletching
33:22 Padded Archer Armor
38:26 Heavy Plow
38:22 Elite Skirmisher
39:08 Thumb Ring
44:05 Imperial Age
41:22 Town Watch
42:49 Caravan
43:47 Wheelbarrow
43:48 Forging
43:38 Scale Mail Armor
43:43 Scale Barding Armor
43:34 Bodkin Arrow
43:54 Leather Archer Armor
47:30 Chemistry
46:45 Fortified Wall
47:55 Ballistics
52:19 Elite Conquistador
53:25 Conscription
54:05 Iron Casting
53:45 Chain Mail Armor
53:51 Chain Barding Armor
53:31 Bracer
54:01 Ring Archer Armor
52:57 Cavalier
53:41 Husbandry
53:53 Bloodlines
53:06 Pikeman
53:07 Two-Handed Swordsman
55:27 Paladin
57:11 Clinker Construction
57:11 Careening
57:34 Plate Mail Armor
58:04 Blast Furnace
57:40 Plate Barding Armor
57:32 Supremacy
56:43 Sappers
59:17 Halberdier
59:19 Champion
63:02 Elite Cannon Galleon
63:02 Demolition Ship
Connection lost

Rejoining the realm…

Still unreachable

The connection could not be restored.

Session expired

The server has moved on; the page needs a fresh start.